 Dungeon Crawl Stone Soup version 0.19-a0-1670-gc28a5d9 (webtiles) character file.

165 AlphabetPasta the Charmwright (level 5, 0/24 HPs)
             Began as a Felid Skald on Sept 21, 2016.
             Succumbed to an adder's poison
             ... on level 5 of the Dungeon.
             The game lasted 00:16:56 (3987 turns).

AlphabetPasta the Charmwright (Felid Skald)         Turns: 3987, Time: 00:16:56

Health: 0/24       AC:  1    Str:  8    XL:     5   Next: 22%
Magic:  9/9        EV: 18    Int: 14    God:
Gold:   128        SH:  0    Dex: 16    Spells: 4 memorised, 0 levels left
                                        Lives:  0   Deaths: 1

rFire  . . .     SeeInvis +       - Unarmed
rCold  . . .     Gourm    .     (armour unavailable)
rNeg   . . .     Faith    .     (shield unavailable)
rPois  .         Spirit   .     (helmet unavailable)
rElec  .         Dismiss  .     (cloak unavailable)
rCorr  .         Reflect  .     (gloves unavailable)
MR     .....     Harm     .     (boots unavailable)
Stlth  +++.......               (no amulet)
                                (no ring)
                                (no ring)

@: lethally poisoned (0 -> -16), very slightly contaminated, quick
A: no armour, no weapons or thrown items, claws 1, fangs 3, see invisible,
carnivore 3, speed 1, shaggy fur 1, slow metabolism 1, sharp paws
a: no special abilities


You were on level 5 of the Dungeon.
You were very full.

You visited 1 branch of the dungeon, and saw 5 of its levels.

You collected 128 gold pieces.

Inventory:

Jewellery
 d - a +3 ring of strength {unknown}
 l - an uncursed ring of protection from cold {unknown}
 o - an uncursed ring of fire {unknown}
Potions
 e - a potion of resistance
 h - a potion of haste {unknown}
 i - a potion of flight {unknown}
 j - 2 potions of brilliance {unknown}
 k - a potion of agility {unknown}
Books
 a - a book of Battle

   Spells                             Type                      Level
   a - Infusion                       Charms                       1
   b - Shroud of Golubria             Charms/Translocation         2
   c - Song of Slaying                Charms                       2
   d - Spectral Weapon                Hexes/Charms                 3
   e - Regeneration                   Charms/Necromancy            3
Comestibles
 b - 2 meat rations
 c - a slice of pizza
 n - a beef jerky


   Skills:
 * Level 3.6 Fighting
 + Level 3.1 Dodging
 + Level 2.6 Stealth
 * Level 3.5 Unarmed Combat
 + Level 2.4 Spellcasting
 + Level 4.1 Charms
 + Level 2.6 Translocations


You couldn't memorise any spells.
You knew the following spells:

 Your Spells              Type           Power        Failure   Level  Hunger
a - Infusion              Chrm           ##..         4%          1    #......
b - Song of Slaying       Chrm           ##......     10%         2    ###....
c - Shroud of Golubria    Chrm/Tloc      ##........   12%         2    ###....
d - Regeneration          Chrm/Necr      #.........   30%         3    ###....


Dungeon Overview and Level Annotations

Branches:
Dungeon (5/15)
 Temple: D:4-7

Altars:
Nemelex Xobeh
Ru
Zin

Annotations:
D:4 Grinder


Innate Abilities, Weirdness & Mutations

You cannot wear armour.
You are incapable of wielding weapons or throwing items.
You have sharp claws.
You have razor-sharp teeth.
You have supernaturally acute eyesight. (SInv)
You are carnivorous and can eat meat at any time.
You cover ground quickly.
You are covered in fur. (AC +1)
You have a slow metabolism.
Your sharp claws are effective at attacking unaware monsters.


Message History

You completely miss the adder. Your bite misses the adder.
The adder is severely wounded.
You feel sick. The adder misses you.
You miss the adder.
The adder is severely wounded.
The adder misses you.
You scratch the adder but do no damage.
The adder is severely wounded.
You feel sick. The adder bites you. x2
* * * LOW HITPOINT WARNING * * *
You are more poisoned.
The adder poisons you!
You miss the adder.
The adder is severely wounded.
The adder bites you.
* * * LOW HITPOINT WARNING * * *
You are more poisoned.
The adder poisons you!
It was a potion of cure mutation.
It has a very clean taste.
You die...

#..............
#..............
#.............. .
#..............
..##.............
.......!.......##
......>........#
.....).........#
.......@.......
+##....S.......
#..../.......
#............
#............
#...........)
#............
#............


You could see an adder.

Vanquished Creatures
  2 centaur skeletons
  A jelly (D:2)
  A worker ant (D:4)
  10 adders
  2 worms
  2 dart slugs
  An orc (D:3)
  3 giant cockroaches
  4 goblins
  6 hobgoblins
  4 jackals (D:4)
  2 quokkas
  6 bats
  8 frilled lizards
  8 kobolds
  5 rats
65 creatures vanquished.

Notes
Turn   | Place    | Note
-------+----------+-------------------------------------------
     0 | D:1      | AlphabetPasta the Felid Skald began the quest for the Orb.
     0 | D:1      | Reached XP level 1. HP: 9/9 MP: 4/4
   149 | D:1      | Reached XP level 2. HP: 9/13 MP: 6/6
   153 | D:1      | Learned a level 2 spell: Song of Slaying
   156 | D:1      | Learned a level 2 spell: Shroud of Golubria
   827 | D:2      | Reached XP level 3. HP: 16/16 MP: 1/7
  1174 | D:2      | Reached skill level 1 in Stealth
  1225 | D:2      | Found a sparkling altar of Nemelex Xobeh.
  1379 | D:2      | Reached XP level 4. HP: 17/21 MP: 2/8
  1843 | D:2      | Reached skill level 1 in Translocations
  2153 | D:3      | Found a glowing silver altar of Zin.
  2437 | D:3      | Reached XP level 5. HP: 21/24 MP: 9/9
  2445 | D:3      | Learned a level 3 spell: Regeneration
  2775 | D:3      | Found a sacrificial altar of Ru.
  2839 | D:3      | Reached skill level 4 in Charms
  3228 | D:4      | Noticed an ogre
  3588 | D:4      | Noticed Grinder
  3633 | D:4      | Slain by Grinder
  3634 | D:4      | Reached XP level 4. HP: 0/21 MP: 2/8
  3718 | D:5      | Entered Level 5 of the Dungeon
  3735 | D:5      | Reached XP level 5. HP: 11/24 MP: 7/9
  3987 | D:5      | Succumbed to an adder's poison

Vault maps used:
D:1:      minmay_arrival_cross
D:2:      grunt_nemelex_the_gamble
D:3:      hangedman_ru_absence, lemuel_doored_altar
D:4:      bloody_makhleb, elyvilon_altar_3, kennysheep_mini, first_bread,
          minmay_misc_feat_iff, uniq_menkaure, uniq_grinder

Skill      XL: |  1  2  3  4  5 |
---------------+----------------+-----
Stealth        | 1 2 |  2.6
Unarmed Combat | 3 |  3.5
Fighting       | 3 |  3.6
Translocations | 1 2 |  2.6
Charms         | 4 |  4.1
Dodging        | 3 |  3.1
Spellcasting   | |  2.4

Action                   |  1- 3 |  4- 6 || total
-------------------------+-------+-------++-------
Melee: Unarmed           |    94 |   100 ||   194
       Bite              |     4 |     9 ||    13
       Punch             |     1 |       ||     1
 Cast: Infusion          |     9 |    16 ||    25
       Shroud of Golubri |     5 |     7 ||    12
  Use: Scroll            |     3 |     2 ||     5
       Potion            |     1 |     2 ||     3
 Stab: Sleeping          |    12 |     6 ||    18
  Eat: Chunk             |     9 |    10 ||    19
Armor: Skin              |     1 |     1 ||     2
Dodge: Dodged            |    66 |    74 ||   140
